 Dungeon Crawl Stone Soup version 0.27.0-1-g7a089689b8 (webtiles) character file.

Game seed: 6545222639379564830

9586 robertstho the Thaumaturge (level 11, -9/76 HPs)
             Began as a Djinni Fire Elementalist on Aug 5, 2021.
             Was an Initiate of Gozag.
             Mangled by an orc warrior (18 damage)
             ... in a bailey.
             The game lasted 00:19:43 (14055 turns).

robertstho the Thaumaturge (DjFE)                  Turns: 14055, Time: 00:19:44

Health: -9/76      AC:  7    Str:  7    XL:     11   Next: 77%
Gold:   576        EV: 13    Int: 27    God:    Gozag SH:  0 Dex: 13

rFire    + + .     SeeInvis .   e - +1 short sword (elec)
rCold    x . .     Faith    .   (no shield)
rNeg     . . .     Spirit   .   a - +0 robe
rPois    ∞         Reflect  .   E - +0 helmet
rElec    .         Harm     .   p - +0 cloak
rCorr    .         Rampage  .   r - +2 pair of gloves
Will     +....                  (boots unavailable)
Stlth    ++........             (no amulet)
HPRegen  0.22/turn              q - +6 ring of intelligence
MPRegen  0.00/turn              (no ring)

@: gold aura, on berserk cooldown, flying, slowed, very slow
A: sickness immunity, fire resistance 2, cold vulnerability 1, float, innate
caster, hp casting, extra vitality 1
a: Renounce Religion, Potion Petition, Call Merchant, Bribe Branch


You were in a bailey.
You worshipped Gozag.
Gozag was pleased with you.
You visited 2 branches of the dungeon, and saw 11 of its levels.
You also visited: Bailey.

You collected 1055 gold pieces.
You spent 143 gold pieces at shops.
You paid 336 gold pieces to Gozag.

Inventory:

Hand Weapons
 e - a +1 short sword of electrocution (weapon)
Missiles
 j - 4 throwing nets
Armour
 a - a +0 robe (worn)
 f - a +0 kite shield
 p - a +0 cloak (worn)
 r - a +2 pair of gloves (worn)
 E - a +0 helmet (worn)
Jewellery
 q - a +6 ring of intelligence (left hand)
Wands
 o - a wand of charming (4)
 x - a wand of polymorph (10)
 y - a wand of flame (32)
 F - a wand of digging (3)
Scrolls
 b - a scroll of holy word {unknown}
 d - a scroll of brand weapon
 h - a scroll of enchant weapon {unknown}
 i - a scroll of teleportation {unknown}
 k - a scroll of acquirement {unknown}
 l - a scroll of summoning {unknown}
 s - 2 scrolls of fear {unknown}
 t - a scroll of enchant armour {unknown}
 B - a scroll of vulnerability
Potions
 g - 2 potions of ambrosia {unknown}
 u - a potion of mutation
 w - a potion of invisibility {unknown}
 z - 2 potions of lignification
 C - a potion of berserk rage {unknown}


   Skills:
 * Level 5.9 Fighting
 + Level 1.7 Short Blades
 + Level 3.9 Dodging
 + Level 3.4 Stealth
 * Level 12.1 Spellcasting
 + Level 1.0 Evocations


You had 5 spell levels left.
You knew the following spells:

 Your Spells              Type           Power      Damage    Failure   Level
a - Foxfire               Conj/Fire      100%       2x1d9     1%          1
b - Conjure Flame         Conj/Fire      70%        6-21      1%          3
c - Inner Flame           Hex/Fire       70%        N/A       1%          3
d - Sticky Flame          Conj/Fire      70%        2d8       1%          4
e - Fireball              Conj/Fire      35%        3d15      1%          5
f - Shock                 Conj/Air       100%       1d9       1%          1
g - Corpse Rot            Necr/Air       N/A        N/A       1%          2
h - Passwall              Tmut/Erth      58%        N/A       1%          2
i - Animate Dead          Necr           35%        N/A       1%          4
j - Summon Lightning Spi  Summ/Air       70%        N/A       1%          4
Your spell library was empty.

Dungeon Overview and Level Annotations

Branches:
Dungeon (10/15)            Temple (1/1) D:6            Lair (0/6) D:10
    Orc (0/2) D:9          Bailey (1/1)

Altars:
Dithmenos
Elyvilon
Fedhas
Gozag
Hepliaklqana
Makhleb
Okawaru
Vehumet
Xom
Yredelemnul
Zin
Beogh
Lugonu

Shops:
D:9 *

Portals:
Abyss: D:3

Annotations:
D:3 2 runed translucent doors
D:4 1 runed translucent door, shadowrider38's ghost, amateur GrFi
D:5 2 runed translucent doors, shummie's ghost, novice GrNe
D:7 3 runed translucent doors, KApperson's ghost, novice MiBe


Innate Abilities, Weirdness & Mutations

You are immune to sickness and miasma.
You are immune to poison.
Your flesh is very heat resistant. (rF++)
You are vulnerable to cold. (rC-)
You float through the air rather than walking.
You learn spells naturally, not from books.
Your magical power is your life essence.
You have superior vitality. (+4 HP)


Message History

Press: ? - help, Shift-Dir - straight line, f - orc warrior
Aim: an orc warrior, wielding a +0 halberd and wearing a +0 scale mail (unaware, hasn't noticed you)
The fireball explodes!
The fireball engulfs the orc warrior!!
You kill the orc warrior!
The fireball engulfs the orc!
You kill the orc!
* * * LOW HITPOINT WARNING * * *
You hear a shout!
The orc warrior shoots a bolt.
The bolt barely misses you.
The orc warrior shoots a bolt.
The bolt completely misses you.
Unknown command.
As you read the scroll of fog, it crumbles to dust.
The scroll dissolves into smoke.
You start resting.
An orc warrior is nearby!
Casting: Fireball (dangerous; 1% risk of failure)
Confirm with . or Enter, or press ? or * to list all spells.
Aiming: Fireball (dangerous; 1% risk of failure)
Press: ? - help, Shift-Dir - straight line, f - orc warrior
Aim: an orc warrior, wielding a +0 arbalest, wearing a +0 chain mail and quivering bolts (black smoke)
The fireball explodes!
The fireball engulfs the orc warrior!!
The orc warrior is severely wounded.
* * * LOW HITPOINT WARNING * * *
You hear a shout!
The orc warrior shoots a bolt.
The bolt hits you!
* * * LOW HITPOINT WARNING * * *
The orc warrior shoots a bolt.
The bolt misses you.
Casting: Fireball (dangerous; 1% risk of failure)
Confirm with . or Enter, or press ? or * to list all spells.
Aiming: Fireball (dangerous; 1% risk of failure)
Press: ? - help, Shift-Dir - straight line, f/p - orc warrior
Aim: an orc warrior, wielding a +0 arbalest, wearing a +0 chain mail and quivering bolts (black smoke, severely wounded)
The fireball explodes!
The fireball engulfs the orc warrior!!!
You kill the orc warrior!
* * * LOW HITPOINT WARNING * * *
You start resting.
An orc warrior comes into view. It is wielding a +0 glaive.
The orc warrior hits you from afar with a +0 glaive!!
You die...
Your body crumbles into a pile of gold.

#### ##∩## ####
$
..o.##...##....
≈≈≈..#...#.$≈§≈
$
≈.≈§§......≈§$≈
$§§......§o
......$ $ #o§§#
#§§§# ##@## ###


You could see an orc warrior.

Vanquished Creatures
  3 death yaks (D:10)
  A two-headed ogre (D:8)
  An ugly thing (D:8)
  2 trolls
  Grinder (D:4)
  2 shadows (D:9)
  A wraith (D:9)
  8 yaks (D:10)
  A steam dragon (D:7)
  Edmund (D:4)
  Duvessa (D:5)
  A water moccasin (D:7)
  8 orc warriors
  2 ice beasts
  A black bear (D:6)
  A wolf (D:6)
  3 ogres
  A centaur (D:7)
  A phantom (D:9)
  A kobold brigand (D:9)
  3 bullfrogs
  4 gnoll sergeants (D:6)
  2 scorpions
  Dowan (D:5)
  2 troll zombies (D:9)
  3 killer bees
  2 howler monkeys (D:7)
  4 crimson imps (D:4)
  7 hounds
  A bullfrog zombie (D:6)
  3 orc priests
  A centaur skeleton (D:5)
  2 bullfrog skeletons (D:5)
  3 gnoll shamans
  2 iguanas
  2 scorpion zombies
  8 orc wizards
  6 ogre zombies (D:9)
  A hound zombie (D:3)
  8 adders
  25 gnolls
  2 howler monkey skeletons
  A shadow imp (D:6)
  2 white imps
  2 worms
  5 dart slugs
  32 orcs
  2 endoplasms (D:3)
  4 giant cockroaches
  9 goblins
  10 hobgoblins
  7 jackals (D:6)
  13 kobolds
  2 quokkas
  7 ball pythons
  6 bats
  3 frilled lizards
  A goblin skeleton (D:9)
  2 goblin zombies (D:9)
  A hobgoblin zombie (D:9)
  A jackal skeleton (D:3)
  4 orc skeletons (D:9)
  17 orc zombies (D:9)
  4 rats
268 creatures vanquished.

Vanquished Creatures (others)
  479 foxfires
479 creatures vanquished.

Grand Total: 747 creatures vanquished

Notes
Turn   | Place    | Note
-------+----------+-------------------------------------------
     0 | D:1      | robertstho the Djinni Fire Elementalist began the quest for
                  | the Orb.
     0 | D:1      | Reached XP level 1. HP: 15/15 MP: 0/0
   252 | D:1      | Reached XP level 2. HP: 12/21 MP: 0/0
   452 | D:1      | Found a faded altar of an unknown god.
  1594 | D:2      | Reached skill level 3 in Spellcasting
  1594 | D:2      | Reached XP level 3. HP: 23/25 MP: 0/0
  1594 | D:2      | Learned a level 1 spell: Shock
  2698 | D:3      | Reached XP level 4. HP: 27/31 MP: 0/0
  3318 | D:3      | You are sucked into a shaft and drop 2 floors!
  3318 | D:5      | Entered Level 5 of the Dungeon
  3321 | D:5      | Reached skill level 1 in Fighting
  3326 | D:5      | Reached XP level 5. HP: 30/37 MP: 0/0
  3326 | D:5      | Learned a level 2 spell: Corpse Rot
  3532 | D:5      | Reached skill level 4 in Spellcasting
  3573 | D:5      | Reached XP level 6. HP: 38/42 MP: 0/0
  3603 | D:5      | Found a large runed translucent door.
  3603 | D:5      | Found a large runed translucent door.
  4151 | D:4      | Found a blossoming altar of Fedhas.
  4426 | D:4      | Noticed shadowrider38's ghost (amateur GrFi)
  4427 | D:4      | Found a runed translucent door.
  4462 | D:4      | Noticed Edmund
  4487 | D:4      | Killed Edmund
  4488 | D:4      | Reached skill level 5 in Spellcasting
  4488 | D:4      | Reached XP level 7. HP: 13/49 MP: 0/0
  4488 | D:4      | Learned a level 2 spell: Passwall
  4760 | D:4      | Noticed Grinder
  4768 | D:4      | Killed Grinder
  4837 | D:4      | Reached XP level 8. HP: 51/55 MP: 0/0
  4842 | D:4      | Reached skill level 6 in Spellcasting
  5103 | D:3      | Found a basalt altar of Yredelemnul.
  5334 | D:3      | Found a large runed translucent door.
  5335 | D:3      | Found a large runed translucent door.
  5415 | D:3      | Found a one-way gate to the infinite horrors of the Abyss.
  5590 | D:3      | Found a corrupted altar of Lugonu.
  6101 | D:4      | Found a shimmering altar of Xom.
  6717 | D:5      | Reached skill level 7 in Spellcasting
  6718 | D:5      | Noticed Dowan
  7010 | D:5      | Noticed Duvessa
  7013 | D:5      | Killed Duvessa
  7216 | D:5      | Killed Dowan
  7426 | D:5      | Noticed shummie's ghost (novice GrNe)
  7449 | D:6      | Reached XP level 9. HP: 51/61 MP: 0/0
  7449 | D:6      | Learned a level 4 spell: Animate Dead
  7793 | D:6      | Reached skill level 8 in Spellcasting
  8191 | D:6      | Found a staircase to the Ecumenical Temple.
  8432 | D:6      | Reached skill level 1 in Evocations
  9322 | D:6      | Found an iron altar of Okawaru.
  9417 | Temple   | Entered the Ecumenical Temple
  9430 | Temple   | Became a worshipper of Gozag Ym Sagoz the Greedy
  9710 | D:7      | Reached skill level 1 in Short Blades
  9837 | D:7      | Reached skill level 9 in Spellcasting
  9933 | D:7      | Found a glowing silver altar of Zin.
  9947 | D:7      | Reached XP level 10. HP: 31/67 MP: 0/0
 10519 | D:7      | Found a runed translucent gate.
 10520 | D:7      | Found a runed translucent gate.
 10520 | D:7      | Identified the +5 chain mail of Evolution {rF+ Str+6 Dex+3}
 10521 | D:7      | Found a runed translucent gate.
 10522 | D:7      | Noticed KApperson's ghost (novice MiBe)
 10918 | D:8      | Noticed a two-headed ogre
 10921 | D:8      | Killed a two-headed ogre
 10922 | D:8      | Reached skill level 10 in Spellcasting
 11186 | D:8      | Noticed a cyan ugly thing
 11192 | D:8      | Killed a cyan ugly thing
 11432 | D:8      | Found a hazy altar of Hepliaklqana.
 12616 | D:9      | Found a staircase to the Orcish Mines.
 12751 | D:9      | Found Zionuofec's Changing Room.
 12836 | D:9      | Bought a potion of mutation for 104 gold pieces
 12836 | D:9      | Bought a potion of lignification for 39 gold pieces
 12840 | D:9      | Found a white marble altar of Elyvilon.
 12850 | D:9      | Reached XP level 11. HP: 56/74 MP: 0/0
 12850 | D:9      | Learned a level 4 spell: Summon Lightning Spire
 13100 | D:9      | Reached skill level 11 in Spellcasting
 13285 | D:9      | Reached skill level 5 in Fighting
 13459 | D:10     | Entered Level 10 of the Dungeon
 13606 | D:10     | Noticed a death yak
 13611 | D:10     | Killed a death yak
 13613 | D:10     | Noticed a death yak
 13615 | D:10     | Noticed a death yak
 13618 | D:10     | Killed a death yak
 13620 | D:10     | Killed a death yak
 13624 | D:10     | Found a staircase to the Lair.
 13990 | D:10     | Reached skill level 12 in Spellcasting
 14011 | D:10     | Found a flagged portal.
 14025 | Bailey   | Entered a bailey
 14025 | Bailey   | Noticed an orc knight
 14055 | Bailey   | Mangled by an orc warrior

Illustrated notes

Levels and vault maps discovered:
D:1:      roderic_dead_forest, layout_basic,
          dreamdust_ecumenical_altar_angels_and_demons, serial_corexii_hall,
          chequers_hall_statues_corner_a, chequers_hall_statues_y,
          grunt_decor_cap
D:2:      layout_basic
D:3:      due_chaos_kobolds, layout_basic, lemuel_zombie_altar_yredelemnul,
          hangedman_decor_clover_reticule, kennysheep_generic_room_9
D:4:      layout_cave_pods, led_xom_imps, old_standard_altar,
          fedhas_altar_fruit_tree, ebering_ghost_inner_flame,
          nrook_mini_backslash, kennysheep_generic_room_11, uniq_grinder,
          uniq_edmund
D:5:      layout_cave_pools, ebering_ghost_disaster_area, uniq_duvessa
D:6:      layout_cave_pools, okawaru_altar_gauntlet_db,
          minmay_temple_entry_metal_lava, serial_gnoll_camp,
          gnoll_camp_mini_house, gnoll_camp_mini_hut, gnoll_camp_medium_02,
          gnoll_camp_mini_doghouse, gnoll_camp_mini_hut, gnoll_camp_mini_basic
D:7:      layout_basic, mainiacjoe_overflow_paths, biasface_ghost_orc_armoury
D:8:      layout_loops_corners, nzn_hepliaklqana_mist_gate
D:9:      layout_loops_cross, nicolae_overflow_crystal_walls, zombieorc2_lemuel,
          nicolae_transmutations_shop
D:10:     layout_grid_maze, mainiacjoe_overflow_alcove_1, dpeg_lair_monsters,
          enter_bailey_5
Temple:   nicolae_temple_god_jail
Bailey:   bailey_polearm_4, bailey

Skill      XL: |  1  2  3  4  5  6  7  8  9 10 11 |
---------------+----------------------------------+-----
Spellcasting   | 3 4 5 7 9 10 12 | 12.1
Stealth        | 2 3 |  3.4
Fighting       | 1 2 3 4 5 |  5.9
Dodging        | 3 |  3.9
Evocations     | 1 |  1.0
Short Blades   | 1 |  1.7

Action                   |  1- 3 |  4- 6 |  7- 9 | 10-12 || total
-------------------------+-------+-------+-------+-------++-------
Melee: Short sword       |       |     1 |    12 |     1 ||    14
 Cast: Foxfire           |   105 |   123 |    49 |     5 ||   282
       Sticky Flame      |       |     2 |     3 |     2 ||     7
       Shock             |       |       |    21 |       ||    21
       Fireball          |       |       |    84 |   107 ||   191
       Passwall          |       |       |       |     1 ||     1
Invok: Potion Petition   |       |       |       |     1 ||     1
Evoke: Wand              |       |       |     4 |       ||     4
  Use: Scroll            |       |       |     3 |     9 ||    12
       Potion            |       |       |     3 |     3 ||     6
Armor: Robe              |     3 |     5 |     4 |     2 ||    14
       Skin              |       |       |     2 |       ||     2
Dodge: Dodged            |    14 |    18 |    24 |     6 ||    62
